 Dungeon Crawl Stone Soup version 0.20.1-1-g8b1a95d (webtiles) character file.

95 slep the Bolt Thrower (level 4, -2/34 HPs)
             Began as a Barachi Hunter on Nov 6, 2017.
             Slain by MetaCosm's ghost (13 damage)
             ... on level 3 of the Dungeon.
             The game lasted 00:11:57 (1261 turns).

slep the Bolt Thrower (Barachi Hunter)              Turns: 1261, Time: 00:11:58

Health: -2/34      AC:  6    Str: 14    XL:     4   Next: 65%
Magic:  4/4        EV: 12    Int: 11    God:
Gold:   97         SH:  0    Dex: 13    Spells: 3/3 levels left

rFire    . . .     SeeInvis .   a - +1 hand crossbow
rCold    . . .     Gourm    .   (no shield)
rNeg     + . .     Faith    .   c - +0 leather armour
rPois    .         Spirit   .   n - +0 helmet (curse)
rElec    .         Reflect  .   (no cloak)
rCorr    .         Harm     .   (no gloves)
MR       +....                  m - +1 pair of boots
Stlth    +.........             (no amulet)
Regen    0.2/turn               e - ring of positive energy
MPRegen  0.1/turn               j - ring of protection from magic

@: slow
A: +LOS, swims, slowness 1, strong legs 1
a: Hop


You were on level 3 of the Dungeon.
You were not hungry.

You visited 1 branch of the dungeon, and saw 3 of its levels.

You collected 97 gold pieces.

Inventory:

Hand Weapons
 a - a +1 hand crossbow (weapon)
 b - a +0 short sword
Missiles
 d - 21 bolts (quivered)
 o - 17 sling bullets
 r - 2 tomahawks
 s - 20 arrows
Armour
 c - a +0 leather armour (worn)
 m - a +1 pair of boots (worn)
 n - a cursed +0 helmet (worn)
Jewellery
 e - a ring of positive energy (left hand)
 j - a ring of protection from magic (right hand)
Scrolls
 i - 3 scrolls of identify {unknown}
 k - 2 scrolls of remove curse {unknown}
 t - a scroll of blinking {unknown}
Potions
 h - a potion of agility {unknown}
 l - a potion of might {unknown}
 p - a potion of curing {unknown}
 q - a potion of haste {unknown}
Comestibles
 f - 3 bread rations
 g - 2 meat rations
 u - 7 chunks of flesh


   Skills:
 + Level 2.9 Fighting
 + Level 5.5 Crossbows
 + Level 0.2 Armour
 + Level 2.5 Dodging
 + Level 0.8 Stealth


You had 3 spell levels left.
You didn't know any spells.

Dungeon Overview and Level Annotations

Branches:
Dungeon (3/15)

Altars:
Nemelex Xobeh
The Shining One

Annotations:
D:3 MetaCosm's ghost, amateur FoFi


Innate Abilities, Weirdness & Mutations

Shadows flee at your approach. (+LOS)
You can swim through water.
You cover ground slowly.
You can hop short distances.


Message History

MetaCosm's ghost hits you!
Firing (i - inventory. (,) - cycle):
d - 24 bolts (quivered)
Press: ? - help, Shift-Dir - straight line, f/p - MetaCosm's ghost
Aim: MetaCosm's ghost (heavily damaged)
You shoot a bolt.
The bolt barely misses MetaCosm's ghost.
MetaCosm's ghost barely misses you.
Firing (i - inventory. (,) - cycle):
d - 23 bolts (quivered)
Press: ? - help, Shift-Dir - straight line, f/p - MetaCosm's ghost
Aim: MetaCosm's ghost (heavily damaged)
You shoot a bolt. The bolt hits MetaCosm's ghost.
MetaCosm's ghost is heavily damaged.
MetaCosm's ghost hits you. x2
Firing (i - inventory. (,) - cycle):
d - 22 bolts (quivered)
Press: ? - help, Shift-Dir - straight line, f/p - MetaCosm's ghost
Aim: MetaCosm's ghost (heavily damaged)
You shoot a bolt.
The bolt barely misses MetaCosm's ghost.
MetaCosm's ghost hits you!
You die...

.. ###.#. .## ..##....
.(. ..#.#.# ..##.#.#.#
.(......## ####.......##
#...#.......##..
#...#.W.........
#......@..(....#
#########...##..........
##...##..............###.
#.............P.P.......
............###+###..##.#
.(>.........# .... #
............# ....
#..........## .....
####.##.>..# ....


You could see MetaCosm's ghost.

Vanquished Creatures
  2 adders
  An ooze (D:2)
  3 worms
  3 dart slugs (D:2)
  2 leopard geckos (D:2)
  4 orcs (D:3)
  7 bats
  2 giant cockroaches
  3 goblins
  8 hobgoblins
  A quokka (D:2)
  A frilled lizard (D:1)
  9 kobolds
  5 rats
51 creatures vanquished.

Notes
Turn   | Place    | Note
-------+----------+-------------------------------------------
     0 | D:1      | slep the Barachi Hunter began the quest for the Orb.
     0 | D:1      | Reached XP level 1. HP: 17/17 MP: 1/1
    57 | D:1      | Reached XP level 2. HP: 18/23 MP: 2/2
   397 | D:1      | Reached XP level 3. HP: 24/28 MP: 3/3
   417 | D:2      | Found a sparkling altar of Nemelex Xobeh.
   417 | D:2      | Found a glowing golden altar of the Shining One.
   624 | D:2      | Reached skill level 5 in Crossbows
   729 | D:2      | Reached XP level 4. HP: 34/34 MP: 4/4
  1250 | D:3      | Noticed MetaCosm's ghost (amateur FoFi)
  1261 | D:3      | Slain by MetaCosm's ghost

Skill      XL: |  1  2  3 |
---------------+----------+-----
Crossbows      | 5 |  5.5
Fighting       | |  2.9
Armour         | |  0.2
Dodging        | |  2.5
Stealth        | |  0.8

Action                   |  1- 3 |  4- 6 || total
-------------------------+-------+-------++-------
 Fire: Hand crossbow     |    70 |    59 ||   129
  Eat: Chunk             |       |     2 ||     2
Armor: Leather armour    |    10 |     9 ||    19
Dodge: Dodged            |    24 |    16 ||    40
